Description

The famous meme build Lillekanin kicked Showtime's ass with! Learn this build and get a free 100% dank winrate agains Protoss <3

VOD

https://www.youtube.com/watch?v=A_c819Ghpn0

Replay - 2020-04-19 - (P)ShoWTimE VS (T)Balenciaga

Build Order

Get SALT Encoding   

  12  0:00  SCV  
  13  0:13  SCV  
  14  0:17  Supply Depot  
  14  0:25  SCV  
  15  0:29  Refinery  
  15  0:39  SCV  
  16  0:49  Barracks  
  16  0:52  SCV  
  17  0:58  Refinery  
  17  1:04  SCV  
  18  1:17  SCV  
  20  1:36  Factory  
  20  1:38  Orbital Command, Reaper  
  20  1:47  Supply Depot  
  20  2:04  SCV  
  21  2:11  Barracks Reactor  
  21  2:16  SCV  
  21  2:20  Factory Tech Lab  
  21  2:21  Starport  
  22  2:28  Supply Depot  
  22  2:33  SCV  
  23  2:41  Cyclone  
  26  2:47  Marine x2  
  29  2:56  Medivac  
  31  3:01  Barracks  
  31  3:06  Supply Depot  
  31  3:08  Marine x2  
  33  3:20  Siege Tank  
  36  3:29  Starport Tech Lab  
  36  3:30  Marine x2  
  38  3:35  Supply Depot  
  38  3:50  Barracks Tech Lab  
  38  3:51  Marine x2  
  40  3:59  Raven  
  42  4:08  Marine x2  
  44  4:15  Stimpack  
  48  4:37  Siege Tank  
  53  5:02  Medivac  
  55  5:28  Siege Tank  
  53  5:39  Orbital Command  
Spawning Tool Build Advisor. Get it on Overwolf

Analysis

A 1-1-1 proxy build agains protoss. After starport Lillekanin builds another barracks allowing him to uppgrade stim, making this timing attack deadly, even to europes best Protoss player. Make sure to attack directly when stim is done.

Go to:

Details

  • Created by: ItsRkaj  
  • Published on: Apr 20, 2020
  • Modified on: Apr 20, 2020
  • Patch: 4.11.0
Show
View Real Time Build Order
Export as new Build Order

Comments (0)

There are no comments. Be the first!

Create an account to comment!